 Dungeon Crawl Stone Soup version 0.29-a0-994-gc5c9f59d18 (webtiles) character file.

Game seed: 5709377525893622558

13 kae the Firebug (level 2, -1/15 HPs)
             Began as a Tengu Fire Elementalist on Aug 3, 2022.
             Slain by a worm (5 damage)
             ... on level 1 of the Dungeon.
             The game lasted 00:00:43 (1104 turns).

kae the Firebug (Tengu Fire Elementalist)           Turns: 1104, Time: 00:00:44

Health: -1/15      AC:  2    Str:  8    XL:     2   Next: 37%
Magic:  2/6        EV: 13    Int: 15    God:
Gold:   75         SH:  0    Dex: 20    Spells: 2/5 levels left

rFire   . . .      SeeInvis .   (no weapon)
rCold   . . .      Faith    .   (no shield)
rNeg    . . .      Spirit   .   a - +0 robe
rPois   .          Reflect  .   (helmet restricted)
rElec   .          Harm     .   (no cloak)
rCorr   .          Rampage  .   (no gloves)
Will    .....                   (boots unavailable)
Stlth   ++........              (no amulet)
HPRegen 0.05/turn               D - +6 ring of dexterity
MPRegen 0.10/turn               (no ring)

@: no status effects
A: beak, talons 3
a: no special abilities


You were on level 1 of the Dungeon.
You visited 1 branch of the dungeon, and saw 2 of its levels.

You collected 75 gold pieces.


Innate Abilities, Weirdness & Mutations

You have a beak for a mouth.
You have claws for feet.


   Skills:
 - Level 2.1 Dodging
 - Level 2.0 Stealth
 + Level 2.1 Spellcasting
 * Level 2.2 Conjurations
 * Level 3.6 Fire Magic


You had 2 spell levels left.
You knew the following spells:

 Your Spells              Type           Power      Damage    Failure   Level
a - Foxfire               Conj/Fire      40%        2x1d6     7%          1
b - Scorch                Fire           24%        2d6       8%          2

Your spell library contained the following spells:

 Spells                   Type           Power      Damage    Failure   Level
 Conjure Flame            Conj/Fire      10%        6-21      21%         3
 Inner Flame              Hex/Fire       7%         N/A       30%         3
 Flame Wave               Conj/Fire      10%        2d6       54%         4

Inventory:

Missiles
 c - 18 stones
Armour
 a - a +0 robe (worn)
Jewellery
 D - a +6 ring of dexterity (left hand)
   (You found it on level 1 of the Dungeon)
Scrolls
 e - a scroll of vulnerability {!r!r}
Potions
 b - a potion of magic

Dungeon Overview and Level Annotations

Branches:
Dungeon (2/15) Zot: 10894

Altars:

Annotations:
D:1 2 runed translucent doors

#####gg..#...#.##..#
#.##.###.## .##
....#...#.#...#
#.##.# #..#
..########...#.#..##
#....# ####
.............#.#..#
######
##############.#..#
#.#).# #....# #.)..#
#..@.# #.#.w####
#.#.>...#####
#.##.##.....#
#....##..##.#
#######.....#
#.......#..#
#.#........#
#.#.#####.######


You could see a worm (combustible).


Message History

Okay, then.
You feel agile.
D - a +6 ring of dexterity (left hand)
As you read the scroll labelled KIDO DIEPT, it crumbles to dust.
Magic quickly surges around you.
It was a scroll of vulnerability.
Unknown command.
As you read the scroll labelled MOREIKHUTHU, it crumbles to dust.
You assume a fearsome visage.
Nothing appears to happen.
It was a scroll of fear.
Unknown command.
As you read the scroll labelled PUNTAN ZUEPI, it crumbles to dust.
It is a scroll of identify.
You don't have any unidentified items.
A worm comes into view.
A worm is nearby!
A worm is nearby!
A worm is nearby!
Casting: Foxfire (safe; 7% risk of failure)
Confirm with . or Enter, or press ? or * to list all spells.
You conjure some foxfire!
You feel your willpower return.
The foxfire hits the worm. 😎 MP[-1]
You lost 1 mp, and now have 5/6 mp.
Casting: Foxfire (safe; 7% risk of failure)
Confirm with . or Enter, or press ? or * to list all spells.
Flames lash the worm.
The worm's fire resistance burns away.
You hear a shout!
The worm bites you!
Ouch! That really hurt!
* * * LOW HITPOINT WARNING * * *
😨 HP[-9] MP[-2]
You take 9 damage, and now have 6/15 hp.
MASSIVE DAMAGE!! (PAUSE)
You lost 2 mp, and now have 3/6 mp.
The worm is no longer more vulnerable to fire.
A kobold comes into view. It is wielding a +0 dagger. 😨 MP[+1]
Casting: Scorch (safe; 8% risk of failure)
Confirm with . or Enter, or press ? or * to list all spells.
You conjure some foxfire!
The foxfire hits the worm. x2 😨 MP[-1]
You lost 1 mp, and now have 3/6 mp.
Casting: Foxfire (safe; 7% risk of failure)
Confirm with . or Enter, or press ? or * to list all spells.
You conjure some foxfire!
The foxfire hits the worm. x2 😨 MP[-1]
You lost 1 mp, and now have 2/6 mp. 😨 HP[+1] 😨 MP[+1]
Casting: Foxfire (safe; 7% risk of failure)
Confirm with . or Enter, or press ? or * to list all spells.
You conjure some foxfire!
The foxfire hits the worm but does no damage.
The foxfire hits the worm. 😨 MP[-1]
You lost 1 mp, and now have 2/6 mp.
There is a stone staircase leading up here.
You climb upwards.
Level annotation: 2 runed translucent doors
There is a stone staircase leading down here.
You see here a +0 mace.
Things that are here:
a +0 club; a +0 club The gnoll shouts! x3; You hear a shout! x3; You hear an angry hiss.
The gnoll shouts!
You hear a shout!
The kobold shouts!
The gnoll shouts! x2; You hear a shout! x2
The hobgoblin shouts!
The gnoll shouts! 😎 HP[+8] MP[+4]
Your hp is fully restored (15).
Your mp is fully restored (6).
Things that are here:
a +0 club; a +0 club You see here a +0 mace.
There is a stone staircase leading down here.
You climb downwards.
There is a stone staircase leading up here.
Casting: Foxfire (safe; 7% risk of failure)
Confirm with . or Enter, or press ? or * to list all spells.
Flames lash the worm.
The worm's fire resistance burns away.
The worm closely misses you. 😎 MP[-2]
You lost 2 mp, and now have 4/6 mp.
You climb upwards.
Level annotation: 2 runed translucent doors
There is a stone staircase leading down here.
Casting: Scorch (safe; 8% risk of failure)
Confirm with . or Enter, or press ? or * to list all spells.
Flames lash the worm.
The worm is burned terribly!
The worm bites you!
Ouch! That really hurt!
* * * LOW HITPOINT WARNING * * *
😨 HP[-11] MP[-2]
You take 11 damage, and now have 4/15 hp.
MASSIVE DAMAGE!! (PAUSE)
You lost 2 mp, and now have 2/6 mp.
Unknown command.
The worm bites you.
You die...

Skill      XL: |  1 |
---------------+----+-----
Conjurations   | 2 |  2.2
Dodging        | |  2.1
Stealth        | |  2.0
Spellcasting   | |  2.1
Fire Magic     | |  3.6

Action                   || total
-------------------------++-------
Melee: Unarmed           ||     2
       Kick              ||     1
 Cast: Foxfire           ||    26
       Scorch            ||     3
  Use: Scroll            ||     3
Armor: Robe              ||     2
Dodge: Dodged            ||     6

Levels and vault maps discovered:
D:1:      erik_arrival_cave_to_civilisation [erik_arrival_cave_to_temple],
          layout_basic
D:2:      layout_loops_corners, hellmonk_ecumenical_altar_defaced_shrine

Notes
Turn   | Place    | Note
-------+----------+-------------------------------------------
     0 | D:1      | kae the Tengu Fire Elementalist began the quest for the
                  | Orb.
     0 | D:1      | Reached XP level 1. HP: 10/10 MP: 4/4
     0 | D:1      | magus.rc [v1.11.3]
    99 | D:1      | Found a large runed translucent door.
    99 | D:1      | Found a large runed translucent door.
   380 | D:1      | Reached skill level 2 in Conjurations
   380 | D:1      | Reached XP level 2. HP: 15/15 MP: 3/6
   430 | D:1      | Learned a level 2 spell: Scorch
  1104 | D:1      | Slain by a worm

Vanquished Creatures
  A dart slug (D:1)
  An endoplasm (D:1)
  A hobgoblin (D:1)
  2 kobolds (D:1)
  A ball python (D:1)
  2 bats (D:1)
  2 goblins (D:1)
  3 rats (D:1)
13 creatures vanquished.

Vanquished Creatures (others)
  46 foxfires
46 creatures vanquished.

Grand Total: 59 creatures vanquished

Table legend:
 A = Non-vault XP
 B = Vault XP
 C = Vault XP percentage of total XP
 D = Non-vault monster count
 E = Vault monster count
 F = Vault count percentage of total count
                 A         B        C        D         E       F
            +---------+---------+-------+---------+---------+-------
      Total |      16 |       3 |  15.8 |      11 |       2 |  15.4
            +---------+---------+-------+---------+---------+-------
        D:1 |      16 |       3 |  15.8 |      11 |       2 |  15.4
            +---------+---------+-------+---------+---------+-------

Illustrated notes

Table legend:
 A = Kills in this place as a percentage of kills in entire the game.
 B = Kills by you in this place as a percentage of kills by you in the entire game.
 C = Kills by friends in this place as a percentage of kills by friends in the entire game.
 D = Other kills in this place as a percentage of other kills in the entire game.
 E = Experience gained in this place as a percentage of experience gained in the entire game.
 F = Experience gained in this place divided by the number of levels of this place that you have seen.
                   A       B       C       D       E      F
               +-------+-------+-------+-------+-------+----------------------
         Total | 100.0 | 100.0 |   N/A |   N/A | 100.0 |   9.5
       Dungeon | 100.0 | 100.0 |   N/A |   N/A | 100.0 |   9.5
               +-------+-------+-------+-------+-------+----------------------

Table legend: (Time is in decaauts)
 A = Elapsed time spent in this place.
 B = Non-inter-level travel time spent in this place.
 C = Inter-level travel time spent in this place.
 D = Time resting spent in this place.
 E = Time spent auto-exploring this place.
 F = Levels seen in this place.
 G = Mean time per level.
                   A        B        C        D        E       F      G
               +--------+--------+--------+--------+--------+-----+--------+
         Total |   1104 |   1037 |     67 |      0 |    906 |   2 |  552.0 |
       Dungeon |   1104 |   1037 |     67 |      0 |    906 |   2 |  552.0 |
               +--------+--------+--------+--------+--------+-----+--------+

Top non-repeatable levels by time:
     D:1: 1028 daAuts
     D:2: 76 daAuts
